 Dungeon Crawl Stone Soup version 0.30-a0-165-g1891117ce2 (webtiles) character file.

Game seed: 5283224316980708687

129 Sobieck the Cutter (level 5, 0/31 HPs)
             Began as a Kobold Brigand on Sept 28, 2022.
             Succumbed to Jessica's poison
             ... on level 3 of the Dungeon.
             The game lasted 00:02:55 (2331 turns).

Sobieck the Cutter (Kobold Brigand)                 Turns: 2331, Time: 00:02:56

Health: 0/31       AC:  3    Str:  5 (8)  XL:     5   Next: 35%
Magic:  5/5        EV: 14    Int: 12 (13) God:
Gold:   136        SH:  0    Dex: 17 (18) Spells: 4/4 levels left

rFire   . . .      SeeInvis +    a - +2 dagger {short}
rCold   . . .      Faith    .    (no shield)
rNeg    . . .      Spirit   .    b - +0 robe
rPois   .          Reflect  .    (no helmet)
rElec   .          Harm     .    c - +0 cloak
rCorr   .          Rampage  .    (no gloves)
Will    .....                    (no boots)
Stlth   ++++......               p - amulet of magic regeneration {@e2}
HPRegen 0.10/turn                v - ring of see invisible
MPRegen 0.49/turn                (no ring)

@: lethally poisoned (0 -> -11)
A: small, no large weapons, nightstalker 3, talons 1, deterioration 1
a: no special abilities


You were on level 3 of the Dungeon.
You visited 1 branch of the dungeon, and saw 3 of its levels.

You collected 136 gold pieces.


Innate Abilities, Weirdness & Mutations

You are small and have problems with some larger weapons.
You are completely attuned to the shadows.
You have sharp toenails.
Your body sometimes deteriorates upon taking damage.


   Skills:
 + Level 2.6 Fighting
 - Level 6.0 Short Blades
 - Level 2.1 Throwing
 + Level 2.0 Dodging
 + Level 5.7 Stealth


You had 4 spell levels left.
You didn't know any spells.
Your spell library contained the following spells:

 Spells                   Type           Power      Damage    Failure   Level
 Magic Dart               Conj           0%         1d3       32%         1
 Searing Ray              Conj           0%         2d4       45%         2
 Fulminant Prism          Conj/Hex       0%         3d6       97%         4

Inventory:

Hand Weapons
 a - a +2 dagger (weapon) {short}
Missiles
 d - 9 poisoned darts (quivered) {throwing}
 e - 3 curare-tipped darts {=fthrowing}
 s - 25 stones {throwing}
 z - a throwing net {=f!fthrowing}
Armour
 b - a +0 robe (worn)
 c - a +0 cloak (worn)
 k - a +0 ring mail
   (You found it on level 1 of the Dungeon)
 m - a +0 leather armour
   (You found it on level 1 of the Dungeon)
 q - a +0 robe
   (You found it on level 1 of the Dungeon)
 u - a +0 leather armour
   (You found it on level 2 of the Dungeon)
 w - a +0 ring mail
   (You found it on level 2 of the Dungeon)
 y - a +0 ring mail
   (You found it on level 2 of the Dungeon)
 B - a +0 leather armour
   (You took it off an orc on level 3 of the Dungeon)
Magical Staves
 A - a staff of fire {!astaff}
   (You found it on level 3 of the Dungeon)
Jewellery
 p - an amulet of magic regeneration (around neck) {@e2}
   (You found it on level 1 of the Dungeon)
 v - a ring of see invisible (left hand)
   (You found it on level 2 of the Dungeon)
Scrolls
 g - 3 scrolls of identify {unknown}
 j - a scroll of vulnerability {unknown}
 l - a scroll of blinking {unknown}
 r - a scroll of immolation {unknown}
 t - a scroll of amnesia {unknown}
Potions
 f - 2 potions of degeneration {!q@e2}
 h - a potion of mutation {!q}
 i - a potion of attraction {unknown}
 n - a potion of lignification {unknown}
 o - a potion of invisibility {unknown}
 x - a potion of curing {unknown}

Dungeon Overview and Level Annotations

Branches:
Dungeon (3/15) Zot: 15690

Altars:

Annotations:
D:3 Jessica

... #... ...[ ########....
#.....@@.# ... #†######## #.#
#.# #.# #.# .####..## #.# #.#
#.#.....#. ###.#######.# ##.
#..#....# .........##.#####.##
##.†...## ###...)............##
##.......#.
####.#.##.#...##..###.#.....#.#


You could see Jessica (fast).


Message History

You skewer the orc like a kebab!!!
You kill the orc!
Your Dodging skill increases to level 2!
Unknown command.
B - a +0 leather armour You see here a +0 flail {mace}.
You now have 136 gold pieces (gained 5).
You see here a +0 flail {mace}.
Found a stone staircase leading up.
Unknown command.
A bat comes into view.
Danger!
The bat misses you.
You miss the bat. The bat hits you. The bat barely misses you.
You hit the bat. The bat closely misses you. The bat misses you.
You hit the bat.
You kill the bat!
No target in view!
No target in view!
There is a stone staircase leading up here.
A quokka comes into view.
The quokka moves out of view.
Danger!
You hit the quokka. The quokka closely misses you.
You hit the quokka but do no damage. The quokka closely misses you.
You hit the quokka.
You kill the quokka!
No target in view!
No target in view!
A hobgoblin comes into view.
Danger!
You hit the hobgoblin. You hit the hobgoblin. The hobgoblin closely misses you.
You barely miss the hobgoblin. The hobgoblin barely misses you.
You hit the hobgoblin.
You kill the hobgoblin!
No target in view!
You see here a hobgoblin corpse.
Jessica the Apprentice Sorceress comes into view.
She is wielding a +1 dagger of venom.
Jessica shouts!
You hear a shout!
A goblin comes into view. It is wielding a +0 dagger.
Danger!
Unknown command.
Unknown command.
Okay, then.
Unknown command.
Unknown command.
Unknown command.
Unknown command.
You closely miss Jessica.
Unknown command.
You hit Jessica but do no damage. Jessica closely misses you.
Unknown command.
You hit Jessica.
Jessica hits you with a +1 dagger of venom.
You are poisoned.
You hit Jessica but do no damage.
You feel very sick.
Unknown command.
You hit Jessica.
You feel sick.
Jessica points at you and mumbles some strange words.
You barely resist.
Unknown command.
You closely miss Jessica.
You feel sick. Jessica barely misses you.
Unknown command.
You barely miss Jessica.
You feel sick.
Unknown command.
You hit Jessica.
You feel sick.
Jessica casts a spell.
Jessica blinks!
Unknown command.
You hit the goblin but do no damage.
You feel sick. The goblin hits you with a +0 dagger.
Unknown command.
You hit the goblin.
You kill the goblin!
You feel sick.
Unknown command.
You hit Jessica but do no damage.
Unknown command.
You barely miss Jessica.
You feel sick. Jessica barely misses you.
You hit Jessica.
You feel sick.
Jessica hits you with a +1 dagger of venom.
* * * LOW HITPOINT WARNING * * *
You are lethally poisoned!
You hit Jessica.
* * * LOW HITPOINT WARNING * * *
You feel very sick.
Unknown command.
It was a potion of degeneration.
There was something very wrong with that liquid.
You feel weakened.
You feel dopey.
You feel clumsy.
* * * LOW HITPOINT WARNING * * *
You feel very sick.
Jessica casts a spell.
Jessica seems to speed up.
It was a potion of mutation.
You feel extremely strange.
You feel yourself wasting away.
Your toenails lengthen and sharpen.
You die...

Skill      XL: |  1  2  3  4  5 |
---------------+----------------+-----
Short Blades   | 3 4 6 |  6.0
Dodging        | 2 |  2.0
Fighting       | |  2.6
Throwing       | |  2.1
Stealth        | |  5.7

Action                   |  1- 3 |  4- 6 || total
-------------------------+-------+-------++-------
Melee: Dagger            |    62 |    25 ||    87
       Punch             |     1 |       ||     1
  Use: Potion            |       |     2 ||     2
 Stab: Sleeping          |    14 |     1 ||    15
       Distracted        |     1 |       ||     1
Armor: Robe              |     4 |       ||     4
Dodge: Dodged            |    24 |    11 ||    35

Levels and vault maps discovered:
D:1:      minmay_arrival_four_circles, layout_loops_ring,
          hellmonk_ecumenical_altar_slurped_away
D:2:      layout_basic
D:3:      layout_loops_ring, nicolae_underground_beach, uniq_jessica

Notes
Turn   | Place    | Note
-------+----------+-------------------------------------------
     0 | D:1      | Sobieck the Kobold Brigand began the quest for the Orb.
     0 | D:1      | Reached XP level 1. HP: 12/12 MP: 1/1
   120 | D:1      | Reached skill level 3 in Short Blades
   184 | D:1      | HP: 3/12 [frozen (2)]
   185 | D:1      | HP: 1/12 [frozen (2)]
   509 | D:1      | Reached XP level 2. HP: 17/17 MP: 2/2
   606 | D:1      | Found a faded altar of an unknown god.
   748 | D:1      | Reached skill level 4 in Short Blades
  1145 | D:2      | Reached XP level 3. HP: 20/21 MP: 3/3
  1526 | D:2      | You pick up a book of Conjurations {@e2} and begin
                  | reading...
  1526 | D:2      | You add the spells Magic Dart, Searing Ray and Fulminant
                  | Prism to your library.
  2193 | D:3      | Noticed a sky beast
  2196 | D:3      | Killed a sky beast
  2197 | D:3      | Reached skill level 6 in Short Blades
  2197 | D:3      | Reached XP level 4. HP: 27/27 MP: 4/4
  2197 | D:3      | Reached XP level 5. HP: 31/31 MP: 5/5
  2236 | D:3      | Reached skill level 2 in Dodging
  2314 | D:3      | Noticed Jessica
  2329 | D:3      | HP: 5/31 [poisoned by Jessica]
  2330 | D:3      | HP: 2/31 [poisoned by Jessica]
  2331 | D:3      | Gained mutation: Your body sometimes deteriorates upon
                  | taking damage. [potion of mutation]
  2331 | D:3      | Gained mutation: You have sharp toenails. [potion of
                  | mutation]
  2331 | D:3      | Succumbed to Jessica's poison

Vanquished Creatures
  A sky beast (D:3)
  A dart slug (D:2)
  An orc (D:3)
  2 bats
  3 endoplasms (D:1)
  A giant cockroach (D:1)
  5 goblins
  6 hobgoblins
  2 quokkas
  2 ball pythons
  2 frilled lizards (D:1)
  5 kobolds
31 creatures vanquished.

Table legend:
 A = Non-vault XP
 B = Vault XP
 C = Vault XP percentage of total XP
 D = Non-vault monster count
 E = Vault monster count
 F = Vault count percentage of total count
                 A         B        C        D         E       F
            +---------+---------+-------+---------+---------+-------
      Total |     183 |       2 |   1.1 |      30 |       1 |   3.2
            +---------+---------+-------+---------+---------+-------
        D:1 |      17 |       2 |  10.5 |      10 |       1 |   9.1
        D:2 |      19 |       0 |   0.0 |      10 |       0 |   0.0
        D:3 |     147 |       0 |   0.0 |      10 |       0 |   0.0
            +---------+---------+-------+---------+---------+-------

Illustrated notes

Table legend:
 A = Kills in this place as a percentage of kills in entire the game.
 B = Kills by you in this place as a percentage of kills by you in the entire game.
 C = Kills by friends in this place as a percentage of kills by friends in the entire game.
 D = Other kills in this place as a percentage of other kills in the entire game.
 E = Experience gained in this place as a percentage of experience gained in the entire game.
 F = Experience gained in this place divided by the number of levels of this place that you have seen.
                   A       B       C       D       E      F
               +-------+-------+-------+-------+-------+----------------------
         Total | 100.0 | 100.0 |   N/A |   N/A | 100.0 |  61.7
       Dungeon | 100.0 | 100.0 |   N/A |   N/A | 100.0 |  61.7
               +-------+-------+-------+-------+-------+----------------------

Table legend: (Time is in decaauts)
 A = Elapsed time spent in this place.
 B = Non-inter-level travel time spent in this place.
 C = Inter-level travel time spent in this place.
 D = Time resting spent in this place.
 E = Time spent auto-exploring this place.
 F = Levels seen in this place.
 G = Mean time per level.
                   A        B        C        D        E       F      G
               +--------+--------+--------+--------+--------+-----+--------+
         Total |   2309 |   2230 |     79 |    264 |   1762 |   3 |  769.7 |
       Dungeon |   2309 |   2230 |     79 |    264 |   1762 |   3 |  769.7 |
               +--------+--------+--------+--------+--------+-----+--------+

Top non-repeatable levels by time:
     D:2: 1028 daAuts
     D:1: 1018 daAuts
     D:3: 263 daAuts
